 Dungeon Crawl Stone Soup version 0.22-a0-419-g492bfec (webtiles) character file.

293640 Gorice the Eclecticist (level 20, -3/131 HPs)
             Began as a Deep Elf Fire Elementalist on May 12, 2018.
             Was the Champion of Vehumet.
             Slain by a skeletal warrior
             ... wielding a +0 morningstar
             ... led by a death knight
              (18 damage)
             ... on level 3 of the Vaults on May 15, 2018.
             The game lasted 07:09:55 (50931 turns).

Gorice the Eclecticist (DEFE)                      Turns: 50931, Time: 07:09:56

Health: -3/131     AC: 12    Str:  8    XL:     20   Next: 1%
Magic:  2/46       EV: 24    Int: 41    God:    Vehumet [******]
Gold:   2676       SH:  0    Dex: 15    Spells: 23/60 levels left

rFire    + . .     SeeInvis .   a - +7 great sword of Midwinter {freeze, rPois Int+6 Stlth-}
rCold    + . .     Gourm    .   (shield currently unavailable)
rNeg     . . .     Faith    .   j - +2 robe {rC+ rF+}
rPois    +         Spirit   .   M - +2 helmet
rElec    .         Reflect  .   w - +2 cloak {rPois}
rCorr    .         Harm     .   N - +0 pair of gloves {Str+3}
MR       +++..                  v - +0 pair of boots
Stlth    +.........             D - amulet of magic regeneration
HPRegen  0.31/turn              I - +5 ring of intelligence
MPRegen  0.55/turn              m - ring of protection from magic

@: very slightly contaminated
A: no striking features
}: 2/15 runes: serpentine, barnacled
a: Renounce Religion


You were on level 3 of the Vaults.
You worshipped Vehumet.
Vehumet was exalted by your worship.
You were not hungry.

You visited 7 branches of the dungeon, and saw 35 of its levels.
You also visited: Labyrinth and Ice Cave.

You collected 3692 gold pieces.
You spent 1016 gold pieces at shops.

Inventory:

Hand Weapons
 a - the +7 great sword of Midwinter (weapon) {freeze, rPois Int+6 Stlth-}
   (You found it on level 4 of the Shoals)

   It has been specially enchanted to freeze those struck by it, causing extra
   injury to most foes and up to half again as much damage against particularly
   susceptible opponents.
   It can also slow down cold-blooded creatures.
   It affects your intelligence (+6).
   It protects you from poison.
   It makes you less stealthy.
 B - a +6 blowgun
Missiles
 q - 40 poisoned javelins (quivered)
 s - 6 needles of sleeping
 y - 28 curare-tipped needles
 Z - 9 throwing nets
Armour
 j - a +2 robe of resistance (worn)
   (You took it off a naga ritualist on level 1 of the Snake Pit)
 v - a +0 pair of boots (worn)
 w - a +2 cloak of poison resistance (worn)
   (You took it off Maurice on level 8 of the Dungeon)
 G - the cursed -1 helmet of Jesuhec {Regen+}
   (You bought it in a shop on level 2 of the Vaults)

   It increases your rate of regeneration.
   It has a curse placed upon it.
 H - a scarf of resistance
   (You found it on level 2 of the Vaults)
 M - a +2 helmet (worn)
 N - a +0 pair of gloves of strength (worn)
   (You found it in a labyrinth)
Jewellery
 c - an uncursed ring of protection from cold
 e - an uncursed ring of positive energy
 i - an uncursed ring of see invisible
 m - a ring of protection from magic (right hand)
 D - an amulet of magic regeneration (around neck)
 E - a +5 ring of evasion
 F - an uncursed ring of flight
 I - a +5 ring of intelligence (left hand)
Wands
 d - a wand of polymorph (12)
 h - a wand of disintegration (15)
 p - a wand of scattershot (4)
 J - a wand of acid (11)
 L - a wand of paralysis (19)
 T - a wand of iceblast (49)
Scrolls
 f - 6 scrolls of fear {!r}
 l - 11 scrolls of teleportation {!r}
 o - 9 scrolls of identify
 u - 5 scrolls of fog
 x - a scroll of summoning {!r}
 R - 3 scrolls of magic mapping {!r}
 S - 28 scrolls of remove curse
Potions
 b - 10 potions of haste {!q}
 g - a potion of flight
 k - 15 potions of curing
 n - 6 potions of heal wounds {!q}
 A - 2 potions of might {!q}
 C - 2 potions of agility {!q}
 K - 4 potions of brilliance {!q}
 O - 2 potions of resistance {!q}
 P - a potion of cancellation {!q}
 Q - a potion of magic {!q}
Comestibles
 z - 56 rations


   Skills:
 - Level 16.0 Fighting
 - Level 16.0 Dodging
 - Level 2.4 Stealth
 + Level 20.5 Spellcasting
 + Level 16.5 Conjurations
 - Level 4.0 Translocations
 + Level 16.5 Fire Magic
 - Level 8.0 Earth Magic


You had 23 spell levels left.
You knew the following spells:

 Your Spells              Type           Power        Failure   Level  Hunger
a - Flame Tongue          Conj/Fire      #####        0%          1    None
b - Throw Flame           Conj/Fire      ######       0%          2    None
c - Conjure Flame         Conj/Fire      ########     0%          3    None
d - Sticky Flame          Conj/Fire      ########     0%          4    None
e - Fireball              Conj/Fire      ########..   0%          5    None
f - Throw Icicle          Conj/Ice       #######.     1%          4    None
g - Bolt of Fire          Conj/Fire      ########..   1%          6    None
i - Iron Shot             Conj/Erth      #######...   1%          6    None
A - Apportation           Tloc           ######       1%          1    None
J - Blink                 Tloc           N/A          1%          2    None
R - Regeneration          Chrm/Necr      #####.....   1%          3    None

Your spell library contained the following spells:

 Spells                   Type           Power        Failure   Level  Hunger
 Magic Dart               Conj           ####         0%          1    None
 Bolt of Cold             Conj/Ice       #######...   1%          6    None
 Slow                     Hex            #####...     1%          2    None
 Throw Frost              Conj/Ice       ######       1%          2    None
 Freezing Cloud           Conj/Ice/Air   ######....   2%          6    None
 Mephitic Cloud           Conj/Pois/Air  ######..     1%          3    None
 Teleport Other           Tloc           ######..     1%          3    None
 Summon Small Mammal      Summ           ####         1%          1    None
 Animate Dead             Necr           N/A          5%          4    None
 Pain                     Necr           ####         1%          1    None
 Animate Skeleton         Necr           N/A          1%          1    None
 Vampiric Draining        Necr           #####.....   1%          3    None
 Freeze                   Ice            ####         1%          1    None
 Ozocubu's Refrigeration  Ice            #####.....   22%         6    None
 Summon Ice Beast         Ice/Summ       #####...     5%          4    None
 Ozocubu's Armour         Chrm/Ice       #####...     1%          3    None
 Call Imp                 Summ           #####...     1%          2    None
 Recall                   Summ/Tloc      N/A          1%          3    None
 Ice Form                 Ice/Tmut       #####...     5%          4    None
 Death Channel            Necr           #####.....   65%         6    None
 Shadow Creatures         Summ           N/A          65%         6    None
 Confusing Touch          Hex            #####.       1%          1    None
 Call Canine Familiar     Summ           #####...     1%          3    None
 Ensorcelled Hibernation  Hex/Ice        #####.       1%          2    None
 Metabolic Englaciation   Hex/Ice        #####.....   16%         5    None
 Summon Butterflies       Summ           #####...     1%          1    None
 Silence                  Hex/Air        #####.....   16%         5    None
 Simulacrum               Ice/Necr       #####.....   65%         6    None
 Passage of Golubria      Tloc           N/A          1%          4    None
 Summon Hydra             Summ           #####.....   99%         7    None
 Darkness                 Hex            #####.....   65%         6    None
 Shroud of Golubria       Chrm/Tloc      ######....   1%          2    None
 Inner Flame              Hex/Fire       #######.     1%          3    None
 Infusion                 Chrm           ####         1%          1    None
 Song of Slaying          Chrm           #####...     1%          2    None
 Spectral Weapon          Hex/Chrm       #####...     1%          3    None
 Summon Mana Viper        Hex/Summ       #####...     16%         5    None
 Gell's Gravitas          Tloc           ######....   1%          3    None
 Lesser Beckoning         Tloc           ######....   1%          3    None
 Borgnjor's Vile Clutch   Necr/Erth      ######....   3%          5    None


Dungeon Overview and Level Annotations

Branches:
Dungeon (15/15)            Temple (1/1) D:6            Lair (6/6) D:9
 Shoals (4/4) Lair:3        Snake (4/4) Lair:3        Slime (0/5) Lair:5
    Orc (2/2) D:11            Elf (0/3) Orc:2        Vaults (3/5) D:14
 Depths (0/5) D:15
  Crypt: Vaults:2-3

Altars:
Ashenzari
Cheibriados
Dithmenos
Elyvilon
Fedhas
Gozag
Hepliaklqana
Kikubaaqudgha
Makhleb
Nemelex Xobeh
Okawaru
Qazlal
Ru
Sif Muna
Trog
Uskayaw
Vehumet
Wu Jian
Xom
Yredelemnul
Zin
The Shining One

Shops:
D:9 }   D:10 ?   D:11 *   Orc:2 !%(}   Snake:3 *%*   Vaults:2 %}[[*

Portals:
Pandemonium: Orc:2
Trove: D:15 (give +2 shadow dragon scales)

Annotations:
D:7 2 hidden chambers?


Message History

Blink to where?
Press: ? - help, Dir - move target cursor, p - lich You are very lightly contaminated with residual magic.
As you read the scroll of blinking, it crumbles to dust.
Casting: Sticky Flame (safe; 0% risk of failure)
Confirm with . or Enter, or press ? or * to list all spells.
Aiming: Bolt of Fire (safe; 1% risk of failure)
Press: ? - help, Shift-Dir - straight line, f - lich
Aim: a lich (severely damaged, fast)
The bolt of fire hits the lich.
You destroy the lich!
Vehumet accepts your kill.
You feel your power returning.
Your life force feels restored.
You have reached level 20!
You feel clever.
Casting: Bolt of Fire (safe; 1% risk of failure)
Confirm with . or Enter, or press ? or * to list all spells.
Aiming: Fireball (safe; 0% risk of failure)
Press: ? - help, Shift-Dir - straight line The fireball explodes!
The fireball engulfs the skeletal warrior.
The skeletal warrior is almost destroyed.
The fireball engulfs the hog.
You kill the hog!
Vehumet accepts your kill.
You feel your power returning.
Casting: Fireball (safe; 0% risk of failure)
Confirm with . or Enter, or press ? or * to list all spells.
Aiming: Throw Icicle (safe; 1% risk of failure)
Press: ? - help, Shift-Dir - straight line, f - skeletal warrior
Aim: a skeletal warrior, wielding a morningstar (almost destroyed)
The shard of ice misses the skeletal warrior.
Casting: Throw Icicle (safe; 1% risk of failure)
Confirm with . or Enter, or press ? or * to list all spells.
Aiming: Throw Icicle (safe; 1% risk of failure)
Press: ? - help, Shift-Dir - straight line, f/p - skeletal warrior
Aim: a skeletal warrior, wielding a morningstar (almost destroyed)
The shard of ice misses the skeletal warrior.
Casting: Throw Icicle (safe; 1% risk of failure)
Confirm with . or Enter, or press ? or * to list all spells.
Aiming: Sticky Flame (safe; 0% risk of failure)
Press: ? - help, Shift-Dir - straight line, f/p - skeletal warrior
Aim: a skeletal warrior, wielding a morningstar (almost destroyed)
The sticky flame hits the skeletal warrior.
The skeletal warrior is almost destroyed.
The skeletal warrior is covered in liquid flames!
The skeletal warrior burns!
The skeletal warrior hits you with a morningstar!!
You die...

#.#...........#
#.#..z.......['.
#.#.†.h.......#.
#.#'###########
#.....[.#
#.......#
#.......#
##z.....#
#@.....#
#......#
#.###### #.# #.#
#.# #.# #.# #.#


You could see a skeletal warrior (burning).

Vanquished Creatures
  A lich (Vaults:3)
  A titan (Shoals:3)
  A kraken (Shoals:4)
  Frances (D:13)
  Gastronok (D:11)
  7 nagarajas
  Ilsuiw (Shoals:4)
  A fire giant (Vaults:1)
  2 deep elf sorcerers (Vaults:1)
  A frost giant (Shoals:3)
  Aizul (Vaults:1)
  Louise (Snake:1)
  3 vault wardens
  4 ironheart preservers
  A stone giant (Vaults:1)
  2 minotaurs
  7 merfolk javelineers
  6 merfolk impalers
  A deep elf death mage (Vaults:1)
  Josephine (Orc:1)
  2 yaktaur captains (Vaults:1)
  2 fire dragons
  Erolcha (Orc:2)
  5 vault guards
  Harold (Lair:2)
  17 naga warriors
  2 ice dragons
  An alligator snapping turtle (Shoals:4)
  Erica (Orc:1)
  A rakshasa (Vaults:3)
  9 hydras
  7 anacondas
  3 merfolk avatars
  9 centaur warriors
  A death knight (Vaults:3)
  6 ogre magi
  14 two-headed ogres
  5 satyrs
  The ghost of Totori the Destroyer, a novice DrCj of Ashenzari (D:9)
  5 merfolk aquamancers (Shoals:4)
  Urug (D:10)
  6 orc high priests
  A tengu warrior (D:14)
  7 shock serpents
  11 naga sharpshooters
  3 deep elf knights
  A sun demon (Orc:2)
  A fire crab (Lair:6)
  A fire crab (shapeshifter) (Vaults:1)
  A soul eater (Orc:2)
  4 deep trolls (D:14)
  A deep troll (shapeshifter) (D:15)
  11 sea snakes
  A glowing orange brain (Vaults:2)
  8 skeletal warriors
  12 naga ritualists
  A gelid demonspawn (Orc:2)
  An infernal demonspawn (Orc:2)
  4 unseen horrors
  A tengu zombie (Vaults:2)
  2 flayed ghosts (Vaults:3)
  6 ironbrand convokers
  A wizard (Vaults:1)
  2 necromancers
  Pikel (D:7)
  31 harpies
  4 deep elf archers
  A phantasmal warrior (Vaults:3)
  6 orc knights
  7 deep elf magi
  12 mana vipers
  15 cyclopes
  6 orc sorcerers (Orc:2)
  3 ugly things
  2 wolf spiders
  15 manticores
  An oklob plant (Lair:1)
  17 fauns
  11 merfolk sirens
  4 elephants
  4 salamanders
  A fire giant skeleton (Vaults:2)
  Maurice (D:8)
  An eye of devastation (Lair:5)
  2 torpor snails
  12 vault sentinels
  46 black mambas
  An orange demon (Orc:2)
  An ice statue (IceCv)
  5 gargoyles
  30 naga magi
  7 water nymphs
  The ghost of emperorscorpion the Spear-Bearer, a novice MfBe of Trog (D:6)
  4 guardian serpents
  A molten gargoyle (Lair:6)
  An eye of devastation (shapeshifter) (Vaults:2)
  Psyche (D:10)
  A storm dragon simulacrum (Vaults:1)
  A minotaur zombie (Lab)
  3 efreet
  9 spiny frogs
  2 ice devils (D:14)
  A yaktaur (shapeshifter) (Vaults:3)
  15 yaktaurs
  13 komodo dragons
  16 freezing wraiths
  A kobold demonologist (D:14)
  A yaktaur skeleton (Vaults:2)
  2 red devils (Orc:2)
  A meliai (shapeshifter) (D:15)
  17 merfolk
  A polar bear (Lair:3)
  3 hornets
  7 meliai
  7 trolls
  A polar bear (shapeshifter) (Vaults:1)
  16 slime creatures
  3 wind drakes
  Prince Ribbit (D:9)
  9 dream sheep
  11 snapping turtles
  18 blink frogs
  12 hippogriffs
  A spriggan (shapeshifter) (D:14)
  5 wyverns
  6 wraiths
  Eustachio (D:4)
  A meliai zombie (D:12)
  4 water elementals
  4 shadows
  65 yaks
  The ghost of Fingolfin the Ruffian, an amateur TrWz of Vehumet (D:3)
  A hog (shapeshifter) (Vaults:3)
  A golden eye (shapeshifter) (D:15)
  9 basilisks
  A hungry ghost (D:14)
  6 vampire mosquitoes
  A death yak simulacrum (IceCv)
  3 steam dragons
  54 nagas
  A warg (Orc:1)
  A soldier ant (D:10)
  2 swamp worms (Lair:1)
  12 water moccasins
  4 acid dragons
  6 porcupines
  3 hell hounds (Lair:6)
  47 orc warriors
  13 ice beasts
  6 phantoms
  A sky beast (D:7)
  2 black bears
  An alligator simulacrum (IceCv)
  3 eyes of draining
  4 necrophages
  29 ogres
  9 wolves
  4 boggarts (D:15)
  30 centaurs
  10 crocodiles
  An elf zombie (D:7)
  A big kobold (D:8)
  22 bullfrogs
  A wyvern skeleton (D:6)
  2 scorpions
  5 killer bees (D:8)
  An elephant simulacrum (IceCv)
  A swamp dragon simulacrum (IceCv)
  11 wights
  7 electric eels
  4 howler monkeys
  5 lava snakes (Lair:6)
  9 crimson imps
  4 centaur zombies
  A bullfrog zombie (D:13)
  2 draconian simulacra (IceCv)
  4 jellies
  2 quasits
  2 bullfrog skeletons
  10 hounds
  3 human zombies (D:7)
  A gnoll shaman (D:9)
  35 orc priests
  Crazy Yiuf (D:7)
  3 centaur skeletons
  36 orc wizards
  6 iguanas
  Jessica (D:2)
  Terence (D:2)
  3 human skeletons
  10 worker ants
  2 spriggan simulacra (IceCv)
  7 troll simulacra (IceCv)
  An ogre zombie (D:7)
  3 centaur simulacra (IceCv)
  4 hound skeletons
  A mummy (D:7)
  4 gnolls (D:9)
  5 naga simulacra (IceCv)
  13 adders
  An ogre simulacrum (IceCv)
  2 shadow imps
  12 white imps (IceCv)
  An adder skeleton (D:4)
  A worm (D:2)
  3 dart slugs
  6 leopard geckos
  121 orcs
  3 giant cockroaches
  4 goblins
  9 hobgoblins
  14 jackals
  10 kobolds
  6 quokkas
  2 ball pythons (D:3)
  3 bats
  5 frilled lizards
  A jackal skeleton (D:5)
  A leopard gecko zombie (D:6)
  3 rats
  5 bushes
  A fungus (D:7)
  3 plants
  2 tentacles (Shoals:4)
1458 creatures vanquished.

Vanquished Creatures (others)
  A slave (D:7)
  A wight (D:7)
  A worker ant (D:7)
  2 orcs (D:7)
  A butterfly (Lair:5)
  21 fungi
  22 plants
  5 tentacles (Shoals:4)
54 creatures vanquished.

Grand Total: 1512 creatures vanquished

Notes
Turn   | Place    | Note
-------+----------+-------------------------------------------
     0 | D:1      | Gorice the Deep Elf Fire Elementalist began the quest for the Orb.
     0 | D:1      | Reached XP level 1. HP: 10/10 MP: 6/6
   144 | D:1      | Reached skill level 2 in Conjurations
   144 | D:1      | Reached XP level 2. HP: 15/15 MP: 6/8
   783 | D:2      | Noticed Jessica
   787 | D:2      | Killed Jessica
   787 | D:2      | Reached skill level 3 in Conjurations
   787 | D:2      | Reached XP level 3. HP: 19/19 MP: 7/10
  1030 | D:2      | Noticed Terence
  1052 | D:2      | Killed Terence
  1052 | D:2      | Reached skill level 4 in Spellcasting
  1052 | D:2      | Reached XP level 4. HP: 24/24 MP: 7/12
  1221 | D:3      | Noticed Fingolfin's ghost (amateur TrWz)
  1228 | D:2      | Learned a level 2 spell: Throw Flame
  1232 | D:2      | Learned a level 3 spell: Conjure Flame
  1601 | D:3      | Reached skill level 4 in Conjurations
  1601 | D:3      | Reached skill level 4 in Fire Magic
  1601 | D:3      | Reached XP level 5. HP: 16/28 MP: 6/13
  1983 | D:3      | Killed Fingolfin's ghost
  1983 | D:3      | Reached XP level 6. HP: 32/32 MP: 1/15
  2077 | D:3      | Reached skill level 5 in Spellcasting
  2219 | D:3      | Found a shimmering altar of Xom.
  2744 | D:3      | Reached skill level 5 in Conjurations
  2744 | D:3      | Reached skill level 5 in Fire Magic
  3061 | D:3      | HP: 3/32 [orc priest/hand axe (9)]
  3593 | D:3      | Learned a level 4 spell: Sticky Flame
  3707 | D:4      | Reached XP level 7. HP: 35/36 MP: 7/17
  3798 | D:4      | Noticed Eustachio
  3807 | D:4      | Killed Eustachio
  3807 | D:4      | Reached skill level 6 in Conjurations
  3807 | D:4      | Reached skill level 6 in Fire Magic
  4060 | D:4      | Reached skill level 6 in Spellcasting
  4425 | D:4      | Reached XP level 8. HP: 41/41 MP: 12/19
  4560 | D:5      | Entered Level 5 of the Dungeon
  4645 | D:5      | Reached skill level 7 in Fire Magic
  4656 | D:5      | Reached skill level 7 in Conjurations
  5389 | D:5      | Reached skill level 7 in Spellcasting
  5565 | D:6      | Noticed emperorscorpion's ghost (novice MfBe)
  5579 | D:6      | Killed emperorscorpion's ghost
  5579 | D:6      | Reached skill level 8 in Conjurations
  5579 | D:6      | Reached skill level 8 in Fire Magic
  5586 | D:6      | Learned a level 5 spell: Fireball
  5807 | D:6      | Noticed a hippogriff
  5812 | D:6      | Killed a hippogriff
  5812 | D:6      | Reached XP level 9. HP: 35/45 MP: 13/22
  6267 | D:6      | Found a staircase to the Ecumenical Temple.
  6275 | Temple   | Entered the Ecumenical Temple
  6501 | Temple   | Became a worshipper of Vehumet
  6674 | D:6      | Reached skill level 8 in Spellcasting
  6674 | D:6      | Reached skill level 9 in Fire Magic
  6973 | D:6      | Reached skill level 9 in Conjurations
  7108 | D:7      | Learned a level 2 spell: Blink
  7177 | D:7      | Found a runed door.
  7181 | D:7      | Noticed Crazy Yiuf
  7185 | D:7      | Killed Crazy Yiuf
  7283 | D:7      | Reached skill level 1 in Translocations
  7584 | D:7      | Reached skill level 2 in Translocations
  7597 | D:7      | Reached * piety under Vehumet
  7597 | D:7      | Offered knowledge of Freeze by Vehumet.
  7930 | D:7      | Noticed Pikel
  8021 | D:7      | Killed Pikel
  8021 | D:7      | Reached skill level 9 in Spellcasting
  8021 | D:7      | Reached skill level 10 in Conjurations
  8021 | D:7      | Reached skill level 10 in Fire Magic
  8021 | D:7      | Reached XP level 10. HP: 50/50 MP: 9/25
  8273 | D:6      | Reached skill level 3 in Translocations
  8803 | D:7      | Found a basalt altar of Yredelemnul.
  9317 | D:8      | Reached ** piety under Vehumet
  9529 | D:8      | Offered knowledge of Shock by Vehumet.
 10028 | D:8      | Noticed Maurice
 10035 | D:8      | Reached skill level 4 in Translocations
 10177 | D:8      | Killed Maurice
 10177 | D:8      | Reached skill level 11 in Conjurations
 10177 | D:8      | Reached skill level 11 in Fire Magic
 10244 | D:8      | Found a shadowy altar of Dithmenos.
 10881 | D:9      | Reached skill level 10 in Spellcasting
 10882 | D:9      | Found a staircase to the Lair.
 10935 | D:9      | Noticed Totori's ghost (novice DrCj)
 10949 | D:9      | HP: 4/50 [Totori's ghost/orb of energy (18)]
 10954 | D:9      | Killed Totori's ghost
 11172 | D:9      | Reached XP level 11. HP: 54/54 MP: 24/27
 11256 | D:9      | Found a shattered altar of Ashenzari.
 11363 | D:9      | Found a bloodstained altar of Trog.
 11423 | D:9      | Offered knowledge of Static Discharge by Vehumet.
 11526 | D:9      | Noticed Prince Ribbit
 11554 | D:9      | Killed Prince Ribbit
 11725 | D:9      | Found Pitso's Gadget Shop.
 11758 | D:9      | Found a sacrificial altar of Ru.
 11760 | D:9      | Reached *** piety under Vehumet
 12247 | D:9      | Upgraded the game from 0.22-a0-412-g2b68d14 to 0.22-a0-414-gacd343e
 12285 | Lair:1   | Entered Level 1 of the Lair of Beasts
 12358 | Lair:1   | Reached skill level 12 in Fire Magic
 12678 | Lair:1   | Reached skill level 12 in Conjurations
 12685 | Lair:1   | Offered knowledge of Stone Arrow by Vehumet.
 12750 | Lair:1   | Reached skill level 1 in Fighting
 12750 | Lair:1   | Reached skill level 3 in Dodging
 13078 | Lair:1   | Noticed an oklob plant
 13195 | Lair:1   | Noticed a six-headed hydra
 13217 | Lair:1   | Killed a six-headed hydra
 13217 | Lair:1   | Reached skill level 2 in Fighting
 13217 | Lair:1   | Reached skill level 11 in Spellcasting
 13399 | Lair:1   | Reached skill level 4 in Dodging
 13716 | Lair:1   | HP: 14/58 [swamp worm/harpoon shot (17)]
 14016 | Lair:1   | Killed an oklob plant
 14148 | Lair:2   | Reached skill level 3 in Fighting
 14311 | Lair:2   | You fall through a shaft for 2 floors!
 14418 | Lair:3   | Found a staircase to the Shoals.
 14421 | Lair:3   | Noticed a six-headed hydra
 14440 | Lair:3   | HP: 18/60 [six-headed hydra (7)]
 14440 | Lair:3   | HP: 6/60 [six-headed hydra (4)]
 14441 | Lair:3   | Killed a six-headed hydra
 14441 | Lair:3   | Reached skill level 4 in Fighting
 14441 | Lair:3   | Reached skill level 5 in Dodging
 14975 | Lair:3   | Reached XP level 12. HP: 53/68 MP: 19/29
 15140 | Lair:3   | Reached **** piety under Vehumet
 15142 | Lair:3   | Reached skill level 5 in Fighting
 15155 | Lair:3   | Reached skill level 6 in Dodging
 15158 | Lair:3   | Reached skill level 12 in Spellcasting
 15692 | Lair:2   | Offered knowledge of Yara's Violent Unravelling by Vehumet.
 16245 | Lair:2   | Noticed Harold
 16262 | Lair:2   | Killed Harold
 16262 | Lair:2   | Reached skill level 6 in Fighting
 16664 | Lair:3   | Reached skill level 7 in Dodging
 16981 | Lair:3   | Found a staircase to the Snake Pit.
 17514 | Lair:4   | Reached skill level 7 in Fighting
 17789 | Lair:4   | Reached skill level 8 in Dodging
 17789 | Lair:4   | Reached skill level 13 in Spellcasting
 18369 | Lair:4   | Noticed a five-headed hydra
 18381 | Lair:4   | Killed a five-headed hydra
 18934 | Lair:5   | Noticed a seven-headed hydra
 18945 | Lair:5   | Killed a seven-headed hydra
 18945 | Lair:5   | Reached skill level 8 in Fighting
 19010 | Lair:5   | Found a staircase to the Slime Pits.
 19097 | Lair:5   | Reached XP level 13. HP: 77/78 MP: 28/32
 19109 | Lair:5   | Reached ***** piety under Vehumet
 19109 | Lair:5   | Offered knowledge of Conjure Ball Lightning by Vehumet.
 19745 | Lair:5   | Reached skill level 9 in Dodging
 19801 | Lair:6   | Entered Level 6 of the Lair of Beasts
 20265 | Lair:6   | HP: 24/80 [wolf (9)]
 20781 | Lair:6   | Reached skill level 9 in Fighting
 20832 | Lair:6   | Reached skill level 14 in Spellcasting
 21506 | Lair:6   | Learned a level 3 spell: Regeneration
 21666 | Lair:6   | Reached skill level 10 in Dodging
 22063 | Lair:5   | Learned a level 4 spell: Throw Icicle
 22241 | Lair:6   | HP: 10/82 [fire crab] (18)]
 22274 | Lair:6   | HP: 15/82 [fire crab] (13)]
 22959 | Lair:6   | Found a large runed door.
 22959 | Lair:6   | Found a large runed door.
 23040 | Lair:6   | Noticed a fire dragon
 23045 | Lair:6   | Killed a fire dragon
 23045 | Lair:6   | Reached skill level 10 in Fighting
 23290 | D:10     | Entered Level 10 of the Dungeon
 23555 | D:10     | Noticed Sonja
 23569 | D:10     | Noticed Sonja
 23569 | D:10     | Sonja changed into Sonja the soldier ant
 23574 | D:10     | Killed Sonja the soldier ant
 23694 | D:10     | Offered knowledge of Bolt of Draining by Vehumet.
 23695 | D:10     | Noticed Psyche
 23698 | D:10     | Killed Psyche
 23700 | D:10     | Noticed Urug
 23812 | D:10     | Killed Urug
 23928 | D:10     | Found Okyirou's Magic Scroll Shoppe.
 24247 | D:11     | Reached XP level 14. HP: 39/88 MP: 13/34
 24268 | D:11     | Found a labyrinth entrance.
 24280 | D:11     | Found Canid's Elemental Accessories.
 24308 | Lab      | Entered a labyrinth
 24578 | Lab      | HP: 20/88 [minotaur/poisoned javelin (38)]
 24584 | Lab      | HP: 17/88 [poisoned by a minotaur]
 24590 | Lab      | HP: 20/88 [poisoned by a minotaur]
 24595 | Lab      | HP: 24/88 [poisoned by a minotaur]
 24622 | Lab      | Got an ichor-stained leather armour
 24633 | Lab      | Identified the +0 leather armour "Humaor" {Regen+ Str+4} (You found it in a labyrinth)
 25139 | D:11     | Found a staircase to the Orcish Mines.
 25190 | D:11     | Reached skill level 11 in Dodging
 25190 | D:11     | Reached skill level 15 in Spellcasting
 25952 | D:11     | Identified the +2 robe "Fijoisch" {*Contam rCorr Int+4 SInv} (You found it on level 11 of the Dungeon)
 26026 | Orc:1    | Entered Level 1 of the Orcish Mines
 26026 | Orc:1    | Noticed Gastronok
 26227 | D:11     | Killed Gastronok
 26227 | D:11     | Reached skill level 11 in Fighting
 26417 | Orc:2    | Entered Level 2 of the Orcish Mines
 26417 | Orc:2    | Found a staircase to the Elven Halls.
 26417 | Orc:2    | Noticed Erolcha
 26426 | Orc:2    | Killed Erolcha
 26458 | Orc:2    | Noticed Nessos
 26474 | Orc:2    | Noticed Nessos
 26474 | Orc:2    | Nessos changed into Nessos the manticore
 26484 | Orc:2    | Killed Nessos the manticore
 26938 | Orc:2    | Offered knowledge of Iron Shot by Vehumet.
 26946 | Orc:2    | Learned a level 6 spell: Iron Shot
 27525 | Orc:2    | Found Litaonuth's Food Boutique.
 27528 | Orc:2    | Found Dim Jost's Distillery.
 27763 | Orc:2    | Bought a potion of cancellation for 120 gold pieces
 27763 | Orc:2    | Bought a potion of magic for 120 gold pieces
 27792 | Orc:1    | Noticed Erica
 27798 | Orc:1    | Killed Erica
 27979 | Orc:1    | Noticed Josephine
 27987 | Orc:1    | Killed Josephine
 27987 | Orc:1    | Reached skill level 12 in Dodging
 28112 | Orc:1    | Offered knowledge of Poison Arrow by Vehumet.
 28696 | Orc:2    | Reached skill level 16 in Spellcasting
 28799 | Orc:2    | Reached skill level 12 in Fighting
 29076 | Orc:2    | Reached skill level 1 in Earth Magic
 29194 | Orc:2    | Reached XP level 15. HP: 40/96 MP: 7/37
 29224 | Orc:2    | Reached skill level 2 in Earth Magic
 29458 | Orc:2    | Found Jonaf's Gadget Emporium.
 29458 | Orc:2    | Found a one-way gate leading to the halls of Pandemonium.
 29458 | Orc:2    | Found Qonixip's Antique Weapon Shoppe.
 30216 | D:12     | Reached skill level 3 in Earth Magic
 30700 | D:13     | Offered knowledge of Ozocubu's Refrigeration by Vehumet.
 30941 | D:13     | Learned a level 1 spell: Apportation
 31093 | D:13     | Noticed Frances
 31115 | D:13     | Killed Frances
 31115 | D:13     | Reached skill level 13 in Dodging
 31115 | D:13     | Reached skill level 4 in Earth Magic
 31430 | D:14     | Found a frozen archway.
 31443 | IceCv    | Entered an ice cave
 31817 | IceCv    | Found an ancient bone altar of Kikubaaqudgha.
 31916 | IceCv    | Reached skill level 13 in Fighting
 31935 | IceCv    | Reached ****** piety under Vehumet
 32189 | D:14     | Offered knowledge of Bolt of Fire by Vehumet.
 32189 | D:14     | Reached skill level 5 in Earth Magic
 32197 | D:14     | Learned a level 6 spell: Bolt of Fire
 32763 | D:14     | HP: 24/98 [tengu warrior/bolt (10)]
 33084 | D:14     | Found a gate to the Vaults.
 33468 | D:15     | Entered Level 15 of the Dungeon
 33483 | D:15     | Reached skill level 6 in Earth Magic
 33555 | D:15     | Found a portal to a secret trove of treasure.
 33859 | D:15     | HP: 27/100 [two-headed ogre/giant club (19)]
 33915 | D:15     | HP: 20/100 [white ugly thing (14)]
 33918 | D:15     | Reached XP level 16. HP: 14/105 MP: 5/38
 33925 | D:15     | Reached skill level 14 in Dodging
 33934 | D:15     | HP: 18/105 [vampire mosquito (1)]
 34326 | D:15     | Offered knowledge of Spellforged Servitor by Vehumet.
 34346 | D:15     | Got a twitching platinum amulet
 34791 | D:15     | Reached skill level 7 in Earth Magic
 34866 | D:15     | Found a staircase to the Depths.
 35056 | Lair:1   | Identified the amulet of Iharhyzeba {+Rage MR+ Str-4 Int+2 Dex+10} (You took it off a wight on level 15 of the Dungeon)
 35117 | Snake:1  | Entered Level 1 of the Snake Pit
 35328 | Snake:1  | Reached skill level 14 in Fighting
 35346 | Snake:1  | Noticed Louise
 35365 | Snake:1  | HP: 25/106 [Louise/stone arrow (30)]
 35370 | Snake:1  | Killed Louise
 36219 | Snake:1  | Reached skill level 8 in Earth Magic
 36768 | Snake:2  | Reached skill level 15 in Dodging
 37409 | Snake:3  | Upgraded the game from 0.22-a0-414-gacd343e to 0.22-a0-417-g1387785
 37413 | Snake:3  | Reached skill level 15 in Fighting
 37554 | Snake:3  | Found Zaevvug's Assorted Antiques.
 37564 | Snake:3  | Found Kudedeplis's Food Emporium.
 37566 | Snake:3  | Found Antiniel's General Store.
 37576 | Snake:3  | Offered knowledge of Fire Storm by Vehumet.
 37576 | Snake:3  | Offered knowledge of Tornado by Vehumet.
 37576 | Snake:3  | Offered knowledge of Ignition by Vehumet.
 37610 | Snake:3  | Bought a potion of heal wounds for 80 gold pieces
 38376 | Snake:3  | Reached XP level 17. HP: 113/113 MP: 29/39
 39242 | Snake:4  | Entered Level 4 of the Snake Pit
 39501 | Snake:4  | HP: 34/114 [salamander/trident (4)]
 39506 | Snake:4  | HP: 25/114 [poisoned by a naga warrior (splash of poison)]
 39511 | Snake:3  | HP: 25/114 [poisoned by a naga warrior (splash of poison)]
 39519 | Snake:3  | HP: 33/114 [poisoned by a naga warrior (splash of poison)]
 39769 | Snake:4  | Reached skill level 16 in Dodging
 40094 | Snake:4  | Reached skill level 16 in Fighting
 42507 | Snake:4  | Got a serpentine rune of Zot
 42811 | Shoals:1 | Entered Level 1 of the Shoals
 42818 | Shoals:1 | Reached skill level 13 in Conjurations
 42818 | Shoals:1 | Reached skill level 13 in Fire Magic
 42840 | Shoals:1 | Reached skill level 17 in Spellcasting
 43419 | Shoals:1 | Reached XP level 18. HP: 101/120 MP: 32/41
 43590 | Shoals:1 | HP: 35/120 [merfolk impaler/trident of venom (21)]
 43597 | Shoals:1 | HP: 33/120 [poisoned by a merfolk impaler]
 43603 | Shoals:1 | HP: 33/120 [poisoned by a merfolk impaler]
 43611 | Shoals:1 | HP: 34/120 [poisoned by a merfolk impaler]
 43986 | Shoals:2 | HP: 26/120 [satyr/arrow (33)]
 44133 | Shoals:2 | Found a hide-covered altar of Uskayaw.
 44978 | Shoals:3 | Reached skill level 14 in Fire Magic
 45034 | Shoals:3 | Reached skill level 18 in Spellcasting
 45034 | Shoals:3 | Reached skill level 14 in Conjurations
 46069 | Shoals:4 | Entered Level 4 of the Shoals
 46185 | Shoals:4 | Noticed Ilsuiw
 46330 | Shoals:4 | Killed Ilsuiw
 46339 | Shoals:4 | HP: 34/120 [sea snake (6)]
 46529 | Shoals:4 | Got a barnacled rune of Zot
 46698 | Shoals:4 | Identified the +7 great sword of Midwinter {freeze, rPois Int+6 Stlth-} (You found it on level 4 of the Shoals)
 46765 | Shoals:4 | Upgraded the game from 0.22-a0-417-g1387785 to 0.22-a0-419-g492bfec
 46786 | Shoals:4 | Reached skill level 15 in Fire Magic
 46852 | Shoals:4 | Reached skill level 15 in Conjurations
 47041 | Shoals:4 | Reached skill level 19 in Spellcasting
 47041 | Shoals:4 | Reached XP level 19. HP: 125/125 MP: 12/44
 47504 | Vaults:1 | Entered Level 1 of the Vaults
 47881 | Vaults:1 | Noticed Aizul
 48238 | Vaults:1 | Killed Aizul
 49067 | Vaults:1 | Reached skill level 16 in Fire Magic
 49117 | Vaults:1 | Reached skill level 16 in Conjurations
 49118 | Vaults:1 | Reached skill level 20 in Spellcasting
 49275 | Vaults:2 | Found Seixuylu's Food Shoppe.
 49481 | Vaults:2 | Found Jufen's Antique Armour Emporium.
 49493 | Vaults:2 | Bought a dazzling helmet for 456 gold pieces
 49493 | Vaults:2 | Identified the cursed -1 helmet of Jesuhec {Regen+} (You bought it in a shop on level 2 of the Vaults)
 49516 | Vaults:2 | Found Xelaest's Antique Armour Shoppe.
 49527 | Vaults:2 | Bought a glowing helmet for 240 gold pieces
 49819 | Vaults:2 | Found Ydureas's Gadget Shop.
 50197 | Vaults:2 | Found Roedocog's General Store.
 50904 | Vaults:3 | Noticed a lich
 50919 | Vaults:3 | HP: 29/125 [skeletal warrior/morningstar[a death knight] (9)]
 50923 | Vaults:3 | HP: 12/125 [skeletal warrior/morningstar[a death knight] (5)]
 50925 | Vaults:3 | Killed a lich
 50925 | Vaults:3 | Reached XP level 20. HP: 13/131 MP: 12/46
 50931 | Vaults:3 | Slain by a skeletal warrior

Vault maps used:
D:1:      minmay_arrival_four_circles, minivault_26, minmay_misc_feat_hallway,
          minmay_misc_feat_columns
D:2:      uniq_terence, uniq_jessica
D:3:      led_xom_imps
D:4:      grunt_decor_resistance, uniq_eustachio
D:5:      first_ration
D:6:      minmay_temple_entry_purple_smoke
D:7:      grunt_ogre_cave, lemuel_mausoleum_altar_yredelemnul,
          uniq_crazy_yiuf_cottage, uniq_pikel
D:8:      kennysheep_little_box, uniq_maurice
D:9:      nicolae_ru_great_annihilating_truth, grunt_temple_overflow_open,
          dpeg_oklobed_lair, serial_shops, shop, uniq_prince_ribbit1
D:10:     serial_shops, nicolae_shop_waterfront, uniq_sonja, uniq_psyche,
          uniq_urug
D:11:     orc_0_dummy, lab_entry_generic, nicolae_elemental_shop
D:13:     uniq_frances
D:14:     grunt_vaults_entry_fortified, portal_ice_cave_demonic_guard,
          minivault_26
D:15:     gammafunk_enter_depths_forms, enter_trove_6, palyth_stone_intersect
Temple:   dpeg_five_rooms_temple
Lair:1:   minmay_lair_oklob_bushes, worms_lemuel
Lair:2:   grunt_megastairs_4, uniq_harold
Lair:3:   elwin_shoals_entry_rocks, dummy_snake_entry,
          grunt_forest_small_clearings
Lair:4:   grunt_megastairs_3
Lair:5:   minmay_slime_entry_eyes, lemuel_fruit_fields
Lair:6:   cheibrodos_lair_end_hotspot, serial_bayou_lake_a
Shoals:1: hangedman_shoals_cup_caves
Shoals:2: regret_index_shoals_crete
Shoals:3: cheibrodos_shoals_gigantism
Shoals:4: shoals_end_grunt_garden, shoals_ilsuiw_ice, shoals_oasis
Snake:1:  lemuel_fruit_tree, uniq_louise
Snake:2:  serial_bayou_shore_a
Snake:3:  serial_bayou_shore_b, minmay_shop_star
Snake:4:  snake_pit
Orc:1:    minmay_goldmine, serial_shops, mines4_lemuel, uniq_gastronok,
          uniq_josephine, uniq_erica
Orc:2:    pf_orc_diabolical, uniq_erolcha, uniq_nessos
Vaults:1: v_misc_15, v_misc_8, vaults_room_boxed, vaults_standard_mumra_x,
          v_misc_31, v_pattern_4, hangedman_vaults_maws, v_misc_19,
          vaults_dpeg_encased_lava, nicolae_vaults_what_the_h,
          nicolae_vaults_little_squares_6, vaults_room_grid, v_misc_16,
          uniq_aizul
Vaults:2: nicolae_vaults_big_ls, v_misc_26, vaults_room_door_hall, v_misc_14,
          grunt_vaults_diagonal, v_alt_pattern_1, vaults_room_stairs_pillars,
          v_misc_13, serial_shops, shop, shop, shop, shop, nicolae_shop_crystal
Vaults:3: minmay_crypt_entry_necro_gods, vaults_room_fancy_cross, v_misc_17,
          dpeg_vaults_monster_row, v_misc_18, vaults_mumra_lcd,
          nicolae_vaults_hallways_thing, ontoclasm_vaults_misaligned,
          grunt_vaults_funnel, vaults_mumra_hex, nicolae_vaults_rhombus_7,
          nicolae_vaults_ninety_degrees, v_misc_27,
          nicolae_vaults_diagonal_hallway_7, serial_shops,
          nicolae_shop_temple_entry_statues_fountains
Lab:      labyrinth_hidden_loot, lab_block, labyrinth_lava_lair,
          nicolae_lab_checkerboard, labyrinth_baited_teleportation_trap
IceCv:    ice_cave_small_necro

Skill      XL: |  1  2  3  4  5  6  7  8  9 10 11 12 13 14 15 16 17 18 19 |
---------------+----------------------------------------------------------+-----
Conjurations   | 2 3 4 5 6 8 10 11 12 13 15 16 | 16.5
Spellcasting   | 4 5 6 7 9 10 11 13 14 16 17 19 20 | 20.5
Fire Magic     | 4 5 6 8 10 11 12 13 15 16 | 16.5
Translocations | 2 4 |  4.0
Fighting       | 4 8 10 12 13 15 16 | 16.0
Dodging        | 5 8 10 12 13 15 16 | 16.0
Earth Magic    | 1 6 8 |  8.0
Stealth        | |  2.4

Action                   |  1- 3 |  4- 6 |  7- 9 | 10-12 | 13-15 | 16-18 | 19-21 || total
-------------------------+-------+-------+-------+-------+-------+-------+-------++-------
Melee: Unarmed           |       |    28 |       |       |       |       |       ||    28
       Morningstar       |       |       |    65 |     3 |       |       |       ||    68
       Whip              |       |       |       |   197 |   107 |       |       ||   304
       Rapier            |       |       |       |       |   170 |       |       ||   170
       Demon blade       |       |       |       |       |    76 |   134 |       ||   210
       Great sword       |       |       |       |       |       |     1 |    21 ||    22
 Cast: Flame Tongue      |    41 |    82 |   213 |   273 |   182 |    52 |       ||   843
       Conjure Flame     |       |     4 |    21 |   119 |   114 |    38 |     5 ||   301
       Throw Flame       |       |     6 |    51 |    68 |   214 |   116 |     2 ||   457
       Sticky Flame      |       |       |    16 |    68 |   197 |   140 |    23 ||   444
       Fireball          |       |       |       |    12 |    92 |    77 |    23 ||   204
       Blink             |       |       |       |     1 |     3 |     2 |     1 ||     7
       Throw Icicle      |       |       |       |       |   234 |   278 |    31 ||   543
       Regeneration      |       |       |       |       |    33 |    80 |     6 ||   119
       Iron Shot         |       |       |       |       |     3 |    65 |    14 ||    82
       Bolt of Fire      |       |       |       |       |     2 |   187 |   154 ||   343
       Apportation       |       |       |       |       |       |     9 |     1 ||    10
Evoke: Wand              |       |       |       |     1 |     5 |       |       ||     6
  Use: Scroll            |     6 |     8 |     2 |     6 |    11 |     8 |     2 ||    43
       Potion            |       |       |       |     1 |     2 |     1 |       ||     4
 Stab: Sleeping          |       |       |       |       |     2 |       |       ||     2
  Eat: Chunk             |       |     9 |    14 |    36 |    45 |    20 |     9 ||   133
       Ration            |       |       |       |       |     1 |     8 |     1 ||    10
Armor: Robe              |       |     9 |    36 |    79 |    97 |    86 |    19 ||   326
       Steam dragon scal |       |       |       |       |     5 |       |       ||     5
Dodge: Dodged            |     9 |    38 |    88 |   197 |   669 |   777 |   100 ||  1878
       Rpst.: Demon blade |       |       |       |       |    33 |   142 |       ||   175
       Great sword       |       |       |       |       |       |     4 |    11 ||    15

Table legend:
 A = Spawn XP
 B = Non-spawn XP
 C = Spawn XP percentage of total XP
 D = Spawn monster count
 E = Non-spawn monster count
 F = Spawn count percentage of total count
 G = Total turns spent on level
                    A         B        C        D         E        F      G
               +---------+---------+-------+---------+---------+-------+---------
         Total |       0 |  476600 |   0.0 |       0 |    1448 |   0.0 | 50931
               +---------+---------+-------+---------+---------+-------+---------
           D:1 |       0 |      29 |   0.0 |       0 |      16 |   0.0 |   652
           D:2 |       0 |     108 |   0.0 |       0 |      12 |   0.0 |  1348
           D:3 |       0 |     449 |   0.0 |       0 |      27 |   0.0 |  1594
           D:4 |       0 |     954 |   0.0 |       0 |      25 |   0.0 |  1180
           D:5 |       0 |     646 |   0.0 |       0 |      23 |   0.0 |   756
           D:6 |       0 |    1708 |   0.0 |       0 |      29 |   0.0 |  1643
           D:7 |       0 |    3242 |   0.0 |       0 |      55 |   0.0 |  1893
           D:8 |       0 |    2410 |   0.0 |       0 |      45 |   0.0 |  1752
           D:9 |       0 |    3520 |   0.0 |       0 |      36 |   0.0 |  1342
          D:10 |       0 |    3911 |   0.0 |       0 |      30 |   0.0 |  1040
          D:11 |       0 |   12095 |   0.0 |       0 |      69 |   0.0 |  1478
          D:12 |       0 |    5413 |   0.0 |       0 |      30 |   0.0 |   930
          D:13 |       0 |    8236 |   0.0 |       0 |      34 |   0.0 |   678
          D:14 |       0 |   19963 |   0.0 |       0 |      52 |   0.0 |  2038
          D:15 |       0 |   17896 |   0.0 |       0 |      51 |   0.0 |  1180
        Lair:1 |       0 |    4175 |   0.0 |       0 |      18 |   0.0 |  2141
        Lair:2 |       0 |    3345 |   0.0 |       0 |      15 |   0.0 |  1713
        Lair:3 |       0 |    9476 |   0.0 |       0 |      37 |   0.0 |  2012
        Lair:4 |       0 |    4802 |   0.0 |       0 |      20 |   0.0 |  1322
        Lair:5 |       0 |    6747 |   0.0 |       0 |      20 |   0.0 |  1899
        Lair:6 |       0 |   17805 |   0.0 |       0 |      71 |   0.0 |  2683
      Shoals:1 |       0 |   21754 |   0.0 |       0 |      41 |   0.0 |  1119
      Shoals:2 |       0 |   23415 |   0.0 |       0 |      45 |   0.0 |  1017
      Shoals:3 |       0 |   21077 |   0.0 |       0 |      35 |   0.0 |  1242
      Shoals:4 |       0 |   37569 |   0.0 |       0 |      50 |   0.0 |   830
       Snake:1 |       0 |   23756 |   0.0 |       0 |      46 |   0.0 |  1493
       Snake:2 |       0 |   13773 |   0.0 |       0 |      22 |   0.0 |  1026
       Snake:3 |       0 |   21971 |   0.0 |       0 |      52 |   0.0 |  2045
       Snake:4 |       0 |   55737 |   0.0 |       0 |      93 |   0.0 |  2853
         Orc:1 |       0 |    6153 |   0.0 |       0 |      42 |   0.0 |   896
         Orc:2 |       0 |   21921 |   0.0 |       0 |      97 |   0.0 |  2426
      Vaults:1 |       0 |   58501 |   0.0 |       0 |      90 |   0.0 |  1586
      Vaults:2 |       0 |   25588 |   0.0 |       0 |      50 |   0.0 |  1405
      Vaults:3 |       0 |    9106 |   0.0 |       0 |      11 |   0.0 |   216
           Lab |       0 |    2760 |   0.0 |       0 |       5 |   0.0 |   528
         IceCv |       0 |    6589 |   0.0 |       0 |      54 |   0.0 |   713
               +---------+---------+-------+---------+---------+-------+---------

Table legend:
 A = Turns spent in this place as a percentage of turns spent in the entire game.
 B = Non-inter-level travel turns spent in this place as a percentage of non-inter-level travel turns spent in the entire game.
 C = Inter-level travel turns spent in this place as a percentage of turns spent in this place.
 D = Turns resting spent in this place as a percentage of non-inter-level travel turns spent in this place.
 E = Turns spent auto-exploring this place as a percentage of non-inter-level travel turns spent in this place.
 F = Non-inter-level travel turns spent in this place divided by the number of levels of this place that you've seen.
                   A       B       C       D       E      F
               +-------+-------+-------+-------+-------+----------------------
         Total | 100.0 | 100.0 |   6.6 |  32.8 |  29.5 | 1286.0
       Dungeon |  38.3 |  38.6 |   5.9 |  33.1 |  31.7 | 1224.2
        Temple |   0.5 |   0.4 |  25.2 |   0.0 |  98.5 | 196.0
          Lair |  23.1 |  22.7 |   8.1 |  40.5 |  31.4 | 1803.5
        Shoals |   8.3 |   8.0 |   9.7 |  24.5 |  26.9 | 949.8
     Snake Pit |  14.6 |  14.8 |   5.0 |  36.4 |  26.6 | 1761.8
  Orcish Mines |   6.5 |   6.4 |   7.8 |  23.6 |  15.2 | 1531.5
        Vaults |   6.3 |   6.4 |   4.9 |  18.1 |  38.3 | 1017.0
     Labyrinth |   1.0 |   1.1 |   0.0 |  30.5 |   0.0 | 528.0
      Ice Cave |   1.4 |   1.5 |   0.0 |  29.5 |   9.4 | 713.0
               +-------+-------+-------+-------+-------+----------------------

Vault maps used:
D:1:      minmay_arrival_four_circles, minivault_26, minmay_misc_feat_hallway,
          minmay_misc_feat_columns
D:2:      uniq_terence, uniq_jessica
D:3:      led_xom_imps
D:4:      grunt_decor_resistance, uniq_eustachio
D:5:      first_ration
D:6:      minmay_temple_entry_purple_smoke
D:7:      grunt_ogre_cave, lemuel_mausoleum_altar_yredelemnul,
          uniq_crazy_yiuf_cottage, uniq_pikel
D:8:      kennysheep_little_box, uniq_maurice
D:9:      nicolae_ru_great_annihilating_truth, grunt_temple_overflow_open,
          dpeg_oklobed_lair, serial_shops, shop, uniq_prince_ribbit1
D:10:     serial_shops, nicolae_shop_waterfront, uniq_sonja, uniq_psyche,
          uniq_urug
D:11:     orc_0_dummy, lab_entry_generic, nicolae_elemental_shop
D:13:     uniq_frances
D:14:     grunt_vaults_entry_fortified, portal_ice_cave_demonic_guard,
          minivault_26
D:15:     gammafunk_enter_depths_forms, enter_trove_6, palyth_stone_intersect
Temple:   dpeg_five_rooms_temple
Lair:1:   minmay_lair_oklob_bushes, worms_lemuel
Lair:2:   grunt_megastairs_4, uniq_harold
Lair:3:   elwin_shoals_entry_rocks, dummy_snake_entry,
          grunt_forest_small_clearings
Lair:4:   grunt_megastairs_3
Lair:5:   minmay_slime_entry_eyes, lemuel_fruit_fields
Lair:6:   cheibrodos_lair_end_hotspot, serial_bayou_lake_a
Shoals:1: hangedman_shoals_cup_caves
Shoals:2: regret_index_shoals_crete
Shoals:3: cheibrodos_shoals_gigantism
Shoals:4: shoals_end_grunt_garden, shoals_ilsuiw_ice, shoals_oasis
Snake:1:  lemuel_fruit_tree, uniq_louise
Snake:2:  serial_bayou_shore_a
Snake:3:  serial_bayou_shore_b, minmay_shop_star
Snake:4:  snake_pit
Orc:1:    minmay_goldmine, serial_shops, mines4_lemuel, uniq_gastronok,
          uniq_josephine, uniq_erica
Orc:2:    pf_orc_diabolical, uniq_erolcha, uniq_nessos
Vaults:1: v_misc_15, v_misc_8, vaults_room_boxed, vaults_standard_mumra_x,
          v_misc_31, v_pattern_4, hangedman_vaults_maws, v_misc_19,
          vaults_dpeg_encased_lava, nicolae_vaults_what_the_h,
          nicolae_vaults_little_squares_6, vaults_room_grid, v_misc_16,
          uniq_aizul
Vaults:2: nicolae_vaults_big_ls, v_misc_26, vaults_room_door_hall, v_misc_14,
          grunt_vaults_diagonal, v_alt_pattern_1, vaults_room_stairs_pillars,
          v_misc_13, serial_shops, shop, shop, shop, shop, nicolae_shop_crystal
Vaults:3: minmay_crypt_entry_necro_gods, vaults_room_fancy_cross, v_misc_17,
          dpeg_vaults_monster_row, v_misc_18, vaults_mumra_lcd,
          nicolae_vaults_hallways_thing, ontoclasm_vaults_misaligned,
          grunt_vaults_funnel, vaults_mumra_hex, nicolae_vaults_rhombus_7,
          nicolae_vaults_ninety_degrees, v_misc_27,
          nicolae_vaults_diagonal_hallway_7, serial_shops,
          nicolae_shop_temple_entry_statues_fountains
Lab:      labyrinth_hidden_loot, lab_block, labyrinth_lava_lair,
          nicolae_lab_checkerboard, labyrinth_baited_teleportation_trap
IceCv:    ice_cave_small_necro
